 Dungeon Crawl Stone Soup version 0.29-a0-9-g022ca4c890 (webtiles) character file.

Game seed: 6191547034828629676

3063 Destapler the Skirmisher (level 9, -2/135 (141) HPs)
             Began as a Troll Berserker on Jan 28, 2022.
             Was a Priest of Trog.
             Slain by a wight (9 damage)
             ... on level 7 of the Dungeon.
             The game lasted 00:14:29 (5671 turns).

Destapler the Skirmisher (Troll Berserker)          Turns: 5671, Time: 00:14:33

HP:   -2/135 (141)  AC:  5    Str: 30 (31) XL:     9   Next: 57%
MP:   8/8           EV: 11    Int:  9      God:    Trog [***...]
Gold: 256           SH:  0    Dex:  8 (9)  Spells: 8/8 levels left

rFire   . . .      SeeInvis .     - Unarmed
rCold   . . .      Faith    .   (no shield)
rNeg    . . .      Spirit   .   a - +0 animal skin
rPois   .          Reflect  .   (helmet restricted)
rElec   .          Harm     .   F - +1 cloak {rCorr}
rCorr   +          Rampage  .   (gloves unavailable)
Will    .....                   (boots unavailable)
Stlth   ..........              (no amulet)
HPRegen 1.12/turn               c - ring of resist corrosion
MPRegen 0.11/turn               C - +6 ring of intelligence

@: berserking, lightly drained, very quick
A: large, unfitting armour, claws 3, regeneration 1, shaggy fur 1, tough skin 1,
deformed body, deterioration 1
a: Renounce Religion, Berserk, Trog's Hand


You were on level 7 of the Dungeon.
You worshipped Trog.
Trog was most pleased with you.
You visited 1 branch of the dungeon, and saw 7 of its levels.
You also visited: Sewer.

You collected 443 gold pieces.
You spent 187 gold pieces at shops.

Inventory:

Hand Weapons
 g - a +1 hand axe of electrocution
 k - a +1 vampiric short sword
Missiles
 s - 3 throwing nets (quivered)
Armour
 a - a +0 animal skin (worn)
 n - a +0 cloak
 F - a +1 cloak of preservation (worn)
Jewellery
 c - a ring of resist corrosion (left claw)
 C - a +6 ring of intelligence (right claw)
Wands
 m - a wand of digging (6)
 o - a wand of paralysis (4)
 D - a wand of iceblast (7)
 G - a wand of acid (5)
Scrolls
 b - 11 scrolls of identify
 p - 2 scrolls of fog {unknown}
 q - a scroll of fear {unknown}
 r - a scroll of enchant armour {unknown}
 t - 3 scrolls of blinking {unknown}
 u - a scroll of amnesia {unknown}
 v - 2 scrolls of brand weapon
 w - 4 scrolls of magic mapping {unknown}
 x - a scroll of enchant weapon {unknown}
 y - a scroll of silence {unknown}
 z - a scroll of holy word {unknown}
 A - 2 scrolls of teleportation
Potions
 d - 2 potions of invisibility
 e - a potion of brilliance {unknown}
 f - a potion of ambrosia {unknown}
 h - 4 potions of lignification {unknown}
 i - a potion of flight
 j - 2 potions of berserk rage {unknown}
 l - a potion of attraction {unknown}
 B - a potion of heal wounds {unknown}
 E - 2 potions of curing {unknown}


   Skills:
 + Level 7.6 Fighting
 - Level 3.0 Throwing
 - Level 3.0 Armour
 + Level 7.0 Dodging
 - Level 3.0 Unarmed Combat
 - Level 3.0 Evocations


You had 8 spell levels left.
You didn't know any spells.
Your spell library was empty.

Dungeon Overview and Level Annotations

Branches:
Dungeon (7/15)              Sewer (visited)
 Temple: D:4-7

Altars:
Cheibriados
Dithmenos
Nemelex Xobeh

Shops:
D:7 [

Annotations:
D:5 2 transporters, Ijustatesigmund's ghost, novice GrFi


Innate Abilities, Weirdness & Mutations

You are too large for most types of armour.
You have claws for hands.
Your natural rate of healing is unusually fast.
You are covered in fur. (AC +1)
You have tough skin. (AC +1)
Armour fits poorly on your strangely shaped body.
Your body sometimes deteriorates upon taking damage.


Message History

The centaur barely misses you.
The wyvern bites you but does no damage.
The kobold hits you with a +0 dagger.
* * * LOW HITPOINT WARNING * * *
The kobold misses you.
The wight hits you with a +0 long sword.
* * * LOW HITPOINT WARNING * * *
The wight closely misses you.
You barely miss the wyvern. The wight closely misses you. The centaur hits you.
* * * LOW HITPOINT WARNING * * *
The centaur kicks you but does no damage.
The wight barely misses you. The wyvern bites you!
* * * LOW HITPOINT WARNING * * *
Unknown command.
You are too injured to fight recklessly!
Unknown command.
You are too injured to fight recklessly!
Unknown command.
You are too injured to fight recklessly!
Unknown command.
You are too injured to fight recklessly!
Unknown command.
You are too injured to fight recklessly!
Unknown command.
You are too injured to fight recklessly!
Unknown command.
You are too injured to fight recklessly!
You barely miss the wyvern. The kobold hits you but does no damage.
The kobold hits you with a +0 whip.
* * * LOW HITPOINT WARNING * * *
The wight hits you with a +0 long sword!
* * * LOW HITPOINT WARNING * * *
You feel drained.
* * * LOW HITPOINT WARNING * * *
The centaur misses you.
The centaur kicks you but does no damage.
The wight barely misses you. The wyvern bites you!
* * * LOW HITPOINT WARNING * * *
The wight hits you with a +4 scimitar!
You die...

#...$.##
..####......####
..K...#(..........
..................
#......KK....(....
#................
#......KKzz....$.
#.....KK@c......
#......lzz......
....#
#......####.....
....# #.....##
.... ...# #....##
..# ..# #...## ..
.# ##...# + #
#...## # ##...#


You could see a wyvern, a kobold brigand, a centaur, 4 wights and 5 kobolds.

Vanquished Creatures
  Joseph (D:7)
  6 yaks (D:5)
  A wyvern (D:7)
  Menkaure (D:7)
  An acid dragon (D:6)
  A necrophage (D:6)
  An ice beast (D:6)
  A sky beast (D:5)
  An ogre (D:6)
  2 wyvern zombies
  4 scorpions
  A water moccasin zombie (D:5)
  2 howler monkeys
  Crazy Yiuf (D:2)
  A hound (D:5)
  2 bullfrog skeletons
  4 jellies
  A centaur skeleton (D:6)
  Jessica (D:3)
  An iguana (D:5)
  A scorpion zombie (D:5)
  A hound skeleton (D:2)
  4 gnolls (D:3)
  A howler monkey skeleton (D:6)
  10 adders
  3 river rats (Sewer)
  A white imp (D:6)
  An adder skeleton (D:4)
  2 worms
  3 dart slugs
  4 orcs (D:6)
  6 bats
  8 endoplasms
  14 giant cockroaches
  3 goblins
  13 hobgoblins
  9 jackals
  8 quokkas
  13 ball pythons
  5 frilled lizards
  8 kobolds
  4 rats
156 creatures vanquished.

Vanquished Creatures (others)
  3 fungi (D:2)
  16 plants (D:3)
19 creatures vanquished.

Grand Total: 175 creatures vanquished

Notes
Turn   | Place    | Note
-------+----------+-------------------------------------------
     0 | D:1      | Destapler the Troll Berserker began the quest for the Orb.
     0 | D:1      | Reached XP level 1. HP: 22/22 MP: 0/0
    91 | D:1      | Reached XP level 2. HP: 29/29 MP: 1/1
   274 | D:1      | Found a faded altar of an unknown god.
   458 | D:1      | Reached XP level 3. HP: 37/37 MP: 2/2
   524 | D:2      | Reached ** piety under Trog
   711 | D:2      | Reached XP level 4. HP: 46/46 MP: 3/3
  1065 | D:2      | Found a runed translucent door.
  1066 | D:2      | Noticed Crazy Yiuf
  1243 | D:2      | Killed Crazy Yiuf
  1533 | D:3      | Found a glowing drain.
  1544 | D:3      | Reached *** piety under Trog
  1545 | D:3      | Reached XP level 5. HP: 54/54 MP: 4/4
  1549 | Sewer    | Entered a sewer
  2294 | D:3      | Reached XP level 6. HP: 65/65 MP: 5/5
  2309 | D:3      | Noticed Jessica
  2320 | D:3      | Killed Jessica
  2533 | D:4      | Found a snail-covered altar of Cheibriados.
  2936 | D:4      | Reached skill level 5 in Fighting
  2948 | D:4      | Reached **** piety under Trog
  2974 | D:4      | Gained mutation: Armour fits poorly on your strangely
                  | shaped body. [potion of mutation]
  2974 | D:4      | Gained mutation: Your body sometimes deteriorates upon
                  | taking damage. [potion of mutation]
  3036 | D:4      | Reached skill level 1 in Throwing
  3172 | D:5      | Entered Level 5 of the Dungeon
  3187 | D:5      | Reached skill level 1 in Armour
  3187 | D:5      | Reached skill level 1 in Evocations
  3217 | D:5      | Found a sparkling altar of Nemelex Xobeh.
  3260 | D:5      | Reached XP level 7. HP: 72/72 MP: 6/6
  3997 | D:5      | Noticed Ijustatesigmund's ghost (novice GrFi)
  3998 | D:5      | Found a transporter.
  4060 | D:5      | Found a transporter.
  4137 | D:5      | Noticed a yak
  4137 | D:5      | Noticed a yak
  4137 | D:5      | Noticed a yak
  4138 | D:5      | Noticed a yak
  4139 | D:5      | Noticed a yak
  4142 | D:5      | Noticed a yak
  4162 | D:5      | Killed a yak
  4163 | D:5      | Reached XP level 8. HP: 80/81 MP: 7/7
  4176 | D:5      | Reached skill level 5 in Dodging
  4346 | D:6      | Found a shadowy altar of Dithmenos.
  4630 | D:6      | Reached XP level 9. HP: 80/92 MP: 8/8
  5059 | D:6      | You fall into a shaft and drop 1 floor!
  5321 | D:7      | Found Plog's Antique Armour Shop.
  5330 | D:7      | Bought an embroidered cloak for 187 gold pieces
  5337 | D:7      | Noticed Joseph
  5387 | D:7      | Killed Joseph
  5394 | D:7      | Noticed Menkaure
  5484 | D:7      | Killed Menkaure
  5671 | D:7      | Slain by a wight

Illustrated notes

Levels and vault maps discovered:
D:1:      scummos_arrival_forest, layout_basic,
          shapermc_ecumenical_altar_notcrosses
D:2:      layout_basic, uniq_crazy_yiuf_cottage
D:3:      layout_rooms, portal_sewer_entry_f, serial_bayou, serial_bayou_pond_a,
          serial_bayou_pond_c, serial_bayou_crossing, serial_bayou_lagoon_b,
          uniq_jessica
D:4:      layout_loops_ring, old_standard_altar
D:5:      layout_basic, amcnicky_altar_gilded, gammafunk_ghost_smash
D:6:      kennysheep_six_static_rooms, layout_basic,
          lemuel_coloured_pillars_altar, eino_tiny_chamber
D:7:      layout_layer_cave, kennysheep_little_box,
          minmay_temple_entry_glassed_door, serial_shops, nicolae_stop_n_shop_2,
          minmay_fractal_squares_5, uniq_joseph, uniq_menkaure,
          uniq_prince_ribbit1

Skill      XL: |  1  2  3  4  5  6  7  8  9 |
---------------+----------------------------+-----
Fighting       | 3 4 5 6 7 |  7.6
Dodging        | 3 4 5 7 |  7.0
Throwing       | 1 2 3 |  3.0
Armour         | 1 2 3 |  3.0
Evocations     | 1 2 3 |  3.0
Unarmed Combat | |  3.0

Action                   |  1- 3 |  4- 6 |  7- 9 || total
-------------------------+-------+-------+-------++-------
Melee: Unarmed           |    82 |   244 |   168 ||   494
       Punch             |       |     1 |     4 ||     5
Throw: Throwing net      |       |       |     4 ||     4
Invok: Berserk           |       |     6 |     9 ||    15
       Trog's Hand       |       |     1 |     2 ||     3
  Use: Scroll            |     2 |     2 |       ||     4
       Potion            |       |     4 |       ||     4
 Stab: Sleeping          |     2 |     1 |       ||     3
       Held in net/web   |       |       |     2 ||     2
Armor: Animal skin       |    27 |    75 |    34 ||   136
Dodge: Dodged            |    38 |   127 |    85 ||   250

Table legend: (Time is in decaauts)
 A = Elapsed time spent in this place.
 B = Non-inter-level travel time spent in this place.
 C = Inter-level travel time spent in this place.
 D = Time resting spent in this place.
 E = Time spent auto-exploring this place.
 F = Levels seen in this place.
 G = Mean time per level.
                   A        B        C        D        E       F      G
               +--------+--------+--------+--------+--------+-----+--------+
         Total |   5939 |   5758 |    181 |    493 |   4047 |   8 |  742.4 |
       Dungeon |   5062 |   4881 |    181 |    459 |   3506 |   7 |  723.1 |
         Sewer |    877 |    877 |      0 |     34 |    541 |   1 |  877.0 |
               +--------+--------+--------+--------+--------+-----+--------+

Top non-repeatable levels by time:
     D:6: 1203 daAuts
     D:5: 1098 daAuts
   Sewer: 877 daAuts
     D:2: 782 daAuts
     D:4: 673 daAuts
     D:3: 514 daAuts
     D:1: 513 daAuts
     D:7: 276 daAuts
